 Dungeon Crawl Stone Soup version 0.21.1-1-g345015f (webtiles) character file.

445 rgaf the Chopper (level 7, -6/62 HPs)
             Began as a Naga Berserker on July 6, 2018.
             Was a Believer of Trog.
             Mangled by a river rat (8 damage)
             ... summoned by Eustachio
             ... on level 4 of the Dungeon.
             The game lasted 00:03:34 (3661 turns).

rgaf the Chopper (Naga Berserker)                   Turns: 3661, Time: 00:03:34

Health: -6/62      AC:  4    Str: 21    XL:     7   Next: 3%
Magic:  7/7        EV: 10    Int:  7    God:    Trog [**....]
Gold:   200        SH:  0    Dex: 11    Spells: 6/6 levels left

rFire    + . .     SeeInvis +   o - +0 war axe
rCold    . . .     Gourm    .   (no shield)
rNeg     . . .     Faith    .   b - +0 animal skin
rPois    +         Spirit   .   (no helmet)
rElec    .         Reflect  .   (no cloak)
rCorr    .         Harm     .   k - +0 pair of gloves
MR       .....                  (no barding)
Stlth    +.........             (no amulet)
HPRegen  0.20/turn              d - ring of protection from fire
MPRegen  0.10/turn              (no ring)

@: berserk cooldown, slowed, very slow
A: large, see invisible, deformed body, poison resistance, slowness 2, slow
metabolism 1, spit poison 1, AC +2
a: Spit Poison, Berserk, Trog's Hand, Burn Spellbooks, Renounce Religion


You were on level 4 of the Dungeon.
You worshipped Trog.
Trog was pleased with you.
You were very hungry.

You visited 1 branch of the dungeon, and saw 4 of its levels.

You collected 235 gold pieces.
You spent 35 gold pieces at shops.

Inventory:

Hand Weapons
 a - a +1 hand axe
 o - a +0 war axe (weapon)
Armour
 b - a +0 animal skin (worn)
 k - a +0 pair of gloves (worn)
Jewellery
 d - a ring of protection from fire (left hand)
Scrolls
 e - 3 scrolls of blinking {unknown}
 f - 2 scrolls of enchant weapon
 h - a scroll of enchant armour {unknown}
 j - 3 scrolls of fog {unknown}
 n - a scroll of identify {unknown}
Potions
 i - a potion of degeneration {unknown}
 l - a potion of heal wounds {unknown}
 m - a potion of brilliance {unknown}
Comestibles
 c - 7 rations
 p - a chunk of flesh


   Skills:
 - Level 3.0 Fighting
 + Level 7.7 Axes
 - Level 1.5 Armour
 - Level 1.5 Dodging


You had 6 spell levels left.
You didn't know any spells.

Dungeon Overview and Level Annotations

Branches:
Dungeon (4/15)             Temple (0/1) D:4

Altars:
Elyvilon
Gozag
Trog
Uskayaw
The Shining One

Shops:
D:4 (

Annotations:
D:4 Eustachio


Innate Abilities, Weirdness & Mutations

You cannot wear boots.
Your serpentine skin is tough. (AC +2)
You have supernaturally acute eyesight. (SInv)
Armour fits poorly on your strangely shaped body.
Your system is resistant to poisons. (rPois)
You cover ground very slowly.
You have a slow metabolism.
You can spit poison.


Message History

* * * LOW HITPOINT WARNING * * *
The ufetubus hits you but does no damage.
The ufetubus hits you.
* * * LOW HITPOINT WARNING * * *
The ufetubus hits you.
* * * LOW HITPOINT WARNING * * *
The ufetubus barely misses you.
Okay, then.
You are feeling very hungry.
You miss Eustachio.
Eustachio is almost dead.
You barely miss the white imp. You hit the shadow imp. You miss the ufetubus.
You closely miss the river rat. You barely miss the ufetubus.
The shadow imp disappears in a puff of smoke!
The ufetubus barely misses you. The ufetubus hits you.
* * * LOW HITPOINT WARNING * * *
The ufetubus hits you.
* * * LOW HITPOINT WARNING * * *
The ufetubus misses you. The river rat bites you!
You die...

#.##.#.#.....## #######
#.##.#.#......
#..#.#.#.....#
##.#.#.#.....#
#####...#.#.....#
........#.#.....#####
......(>#.#.........#
<......##.#.....@5[.#
.......##.#$...5@ยง..#
.......##.#....r.5..#
.......##.#.........#
.......##..............
.......##...........###
.......##.............
.......###..........###
######## #.......!..#
#..........#


You could see Eustachio, a river rat, a white imp and 2 ufetubi.

Vanquished Creatures
  3 orc priests
  An iguana (D:4)
  4 orc wizards (D:4)
  4 worker ants (D:4)
  2 hound skeletons (D:4)
  Robin (D:2)
  An adder (D:2)
  3 worms (D:2)
  4 leopard geckos
  4 orcs
  A ball python (D:1)
  2 giant cockroaches
  13 goblins
  8 hobgoblins
  2 jackals (D:2)
  5 kobolds
  A quokka (D:2)
  4 bats
  4 frilled lizards
  A leopard gecko skeleton (D:4)
  4 rats
72 creatures vanquished.

Vanquished Creatures (others)
  2 goblins (D:2)
  2 jackals (D:2)
  A quokka (D:2)
5 creatures vanquished.

Grand Total: 77 creatures vanquished

Notes
Turn   | Place    | Note
-------+----------+-------------------------------------------
     0 | D:1      | rgaf the Naga Berserker began the quest for the Orb.
     0 | D:1      | Reached XP level 1. HP: 21/21 MP: 1/1
   117 | D:1      | Reached XP level 2. HP: 22/28 MP: 2/2
   469 | D:2      | Reached skill level 4 in Axes
   603 | D:2      | Reached XP level 3. HP: 29/34 MP: 3/3
   961 | D:2      | Found an opulent altar of Gozag.
   963 | D:2      | Noticed Robin
   973 | D:2      | Killed Robin
   973 | D:2      | Reached XP level 4. HP: 42/42 MP: 4/4
   977 | D:2      | Reached ** piety under Trog
  1546 | D:2      | Found a white marble altar of Elyvilon.
  1547 | D:2      | Reached skill level 5 in Axes
  1752 | D:3      | Reached XP level 5. HP: 49/49 MP: 5/5
  1803 | D:3      | Found a glowing golden altar of the Shining One.
  1947 | D:3      | Found a hide-covered altar of Uskayaw.
  1949 | D:3      | Noticed a hand axe
  1949 | D:3      | Noticed a dagger
  2193 | D:4      | Reached skill level 6 in Axes
  2504 | D:4      | Found a bloodstained altar of Trog.
  2509 | D:4      | Found a staircase to the Ecumenical Temple.
  2765 | D:4      | Reached XP level 6. HP: 56/56 MP: 6/6
  2853 | D:4      | Reached skill level 7 in Axes
  3040 | D:4      | Found Efum's Weapon Shop.
  3327 | D:4      | Bought a +0 war axe for 35 gold pieces
  3473 | D:4      | Reached XP level 7. HP: 50/62 MP: 7/7
  3638 | D:4      | Noticed Eustachio
  3661 | D:4      | HP: 2/62 [ufetubus[Eustachio] (5)]
  3661 | D:4      | Mangled by a river rat

Skill      XL: |  1  2  3  4  5  6 |
---------------+-------------------+-----
Axes           | 4 5 6 7 |  7.7
Fighting       | |  3.0
Armour         | |  1.5
Dodging        | |  1.5

Action                   |  1- 3 |  4- 6 |  7- 9 || total
-------------------------+-------+-------+-------++-------
Melee: Hand axe          |    81 |   145 |       ||   226
       War axe           |       |     6 |    21 ||    27
Invok: Berserk           |     5 |     6 |     1 ||    12
  Use: Potion            |       |     3 |     1 ||     4
       Scroll            |       |     1 |       ||     1
 Stab: Invisible         |       |     1 |       ||     1
       Sleeping          |       |     1 |       ||     1
  Eat: Chunk             |     3 |    13 |       ||    16
Armor: Animal skin       |    23 |    34 |     9 ||    66
Dodge: Dodged            |    54 |   105 |    26 ||   185
